 Dungeon Crawl Stone Soup version 0.27-a0-54-g64bdb92e38 (webtiles) character file.

Game seed: 10309352348210861799

46 Descartes the Sneak (level 3, 0/17 HPs)
             Began as a Felid Delver on Jan 7, 2021.
             Killed from afar by an orc wizard (9 damage)
             ... with a magic dart
             ... on level 5 of the Dungeon.
             The game lasted 00:01:40 (515 turns).

Descartes the Sneak (Felid Delver)                   Turns: 515, Time: 00:01:42

Health: 0/17       AC:  1    Str:  9    XL:     3   Next: 44%
Magic:  4/4        EV: 19    Int: 11    God:
Gold:   42         SH:  0    Dex: 17    Spells: 2/2 levels left
                                        Lives:  0   Deaths: 0

rFire    . . .     SeeInvis +     - Unarmed
rCold    . . .     Faith    .   (shield unavailable)
rNeg     . . .     Spirit   .   (armour unavailable)
rPois    .         Reflect  .   (helmet unavailable)
rElec    .         Harm     .   (cloak unavailable)
rCorr    .         Rampage  .   (gloves unavailable)
Will     .....                  (boots unavailable)
Stlth    ++++......             (no amulet)
HPRegen  0.05/turn              (no ring)
MPRegen  0.09/turn              (no ring)

@: hasted, very quick
A: very small, no armour, no weapons or thrown items, stealth, claws 1, fangs 3,
see invisible, speed 1, shaggy fur 1, sharp paws
a: no special abilities


You were on level 5 of the Dungeon.
You visited 1 branch of the dungeon, and saw 1 of its levels.

You collected 42 gold pieces.

Inventory:

Wands
 e - a wand of digging (3)
Scrolls
 a - a scroll of fog
 b - 2 scrolls of magic mapping
 c - a scroll of fear
 h - a scroll of teleportation {unknown}
Potions
 f - a potion of resistance {unknown}
 g - a potion of degeneration {unknown}


   Skills:
 + Level 3.4 Fighting
 + Level 3.4 Dodging
 + Level 7.0 Stealth
 + Level 2.5 Unarmed Combat


You had 2 spell levels left.
You didn't know any spells.
Your spell library was empty.

Dungeon Overview and Level Annotations

Branches:
Dungeon (5/15)
 Temple: D:4-7

Altars:
Ru

Shops:
D:5 (


Innate Abilities, Weirdness & Mutations

You cannot wear armour.
You are incapable of wielding weapons or throwing items.
Your paws allow you to move quietly. (Stealth)
You have sharp claws.
You have razor-sharp teeth.
You have supernaturally acute eyesight. (SInv)
You cover ground quickly.
You are covered in fur. (AC +1)
Your sharp claws are effective at attacking unaware monsters.


Message History

The ufetubus hits you.
An orc wizard comes into view. It is wielding a +0 dagger.
You miss the ufetubus. Your bite misses the ufetubus.
The ufetubus misses you. x2
You scratch the ufetubus.
The ufetubus is severely wounded.
The ufetubus closely misses you. x2
You miss the ufetubus.
The ufetubus is severely wounded.
The ufetubus completely misses you. The ufetubus hits you.
A worker ant comes into view.
An orc priest comes into view.
You closely miss the ufetubus.
The ufetubus is severely wounded.
The ufetubus closely misses you. The ufetubus misses you.
The orc priest shouts!
You scratch the ufetubus.
You kill the ufetubus!
The orc wizard points at you and mumbles some strange words.
The magic dart hits you!
Ouch! That really hurt!
You die...

#.######.# .......#.#
#.####.#.# .....#.#.#
#.##.#.#.######
...#.#.#......###
._.......####...#
...#.#.### #..#.####
#.##.#.# #.##.@.5#
.....#.# #.#####.#
#.####.# #.# #.......(
.......####..# ##...o....
#.######.#..####.....#.o..
...# #†..##.......## .##
##.# #........#### # #.#
##..#....## #.#
##.........


You could see an orc priest, an orc wizard and a shadow imp.

Vanquished Creatures
  A hound (D:5)
  A worker ant zombie (D:5)
  An ufetubus (D:5)
  An adder skeleton (D:5)
  A giant cockroach (D:5)
5 creatures vanquished.

Notes
Turn   | Place    | Note
-------+----------+-------------------------------------------
     0 | D:5      | Descartes the Felid Delver began the quest for the Orb.
     0 | D:5      | Reached XP level 1. HP: 10/10 MP: 2/2
     4 | D:5      | Found Vuibeefiss's Antique Weapon Shoppe.
    49 | D:5      | Reached XP level 2. HP: 5/14 MP: 3/3
   344 | D:5      | Found a sacrificial altar of Ru.
   356 | D:5      | Reached skill level 7 in Stealth
   356 | D:5      | Reached XP level 3. HP: 17/17 MP: 4/4
   515 | D:5      | Killed from afar by an orc wizard

Illustrated notes

Levels and vault maps discovered:
D:5:      layout_rooms, kennysheep_mini_moat, nicolae_overflow_hidden_temple,
          serial_shops, nicolae_shop_overgrown_old_shop,
          nicolae_ru_sacrificial_ziggurat

Skill      XL: |  1  2 |
---------------+-------+-----
Dodging        | 3 |  3.4
Stealth        | 7 |  7.0
Fighting       | |  3.4
Unarmed Combat | |  2.5

Action                   || total
-------------------------++-------
Melee: Unarmed           ||    28
       Bite              ||     5
  Use: Potion            ||     1
 Stab: Sleeping          ||     2
Armor: Skin              ||     1
Dodge: Dodged            ||    22

Table legend: (Time is in decaauts)
 A = Elapsed time spent in this place.
 B = Non-inter-level travel time spent in this place.
 C = Inter-level travel time spent in this place.
 D = Time resting spent in this place.
 E = Time spent auto-exploring this place.
 F = Levels seen in this place.
 G = Mean time per level.
                   A        B        C        D        E       F      G
               +--------+--------+--------+--------+--------+-----+--------+
         Total |    472 |    472 |      0 |      0 |    307 |   1 |  472.0 |
       Dungeon |    472 |    472 |      0 |      0 |    307 |   1 |  472.0 |
               +--------+--------+--------+--------+--------+-----+--------+

Top non-repeatable levels by time:
     D:5: 472 daAuts
